 Dungeon Crawl Stone Soup version 0.25-a0-661-g55ea3d2053 (webtiles) character file.

Game seed: 16280164486970942174, levelgen mode: deterministic

112 Conn the Magician (level 4, -7/27 HPs)
             Began as an Octopode Wizard on Mar 23, 2020.
             Killed by nerve-wracking pain
             ... invoked by an orc priest
              (10 damage)
             ... on level 2 of the Dungeon.
             The game lasted 00:07:16 (2886 turns).

Conn the Magician (Octopode Wizard)                 Turns: 2886, Time: 00:07:17

Health: -7/27      AC:  1    Str:  6    XL:     4   Next: 95%
Magic:  5/11       EV: 13    Int: 21    God:
Gold:   93         SH:  0    Dex: 10    Spells: 1/12 levels left

rFire    + . .     SeeInvis .   k - +0 dagger
rCold    x . .     Gourm    .   (no shield)
rNeg     . . .     Faith    .   a - +0 hat
rPois    .         Spirit   .   (no amulet)
rElec    .         Reflect  .   e - ring of fire
rCorr    .         Harm     .   (no ring)
MR       .....                  (no ring)
Stlth    +++.......             (no ring)
HPRegen  0.09/turn              (no ring)
MPRegen  0.12/turn              (no ring)
                                (no ring)
                                (no ring)

@: no status effects
A: almost no armour, stealthy swim, amphibious, 8 rings, constrict 8, camouflage
1, deterioration 1, high mp 1, gelatinous body 1
a: no special abilities


You were on level 2 of the Dungeon.
You were not hungry.

You visited 1 branch of the dungeon, and saw 3 of its levels.

You collected 93 gold pieces.

Inventory:

Hand Weapons
 k - a +0 dagger (weapon)
Missiles
 h - 17 poisoned darts (quivered)
Armour
 a - a +0 hat (worn)
Jewellery
 e - a ring of fire (left tentacle)
Scrolls
 d - 3 scrolls of identify {unknown}
 g - 3 scrolls of blinking {unknown}
 j - a scroll of enchant weapon {unknown}
 m - a scroll of fog {unknown}
 o - a scroll of immolation {unknown}
 q - a scroll of amnesia {unknown}
 r - a scroll of enchant armour {unknown}
Potions
 b - a potion of brilliance {unknown}
 f - 2 potions of mutation
 i - a potion of curing {unknown}
 n - 2 potions of heal wounds {unknown}
 p - a potion of invisibility {unknown}
Comestibles
 c - 4 rations
 l - 7 chunks of flesh


   Skills:
 + Level 0.4 Fighting
 + Level 0.1 Short Blades
 - Level 2.0 Dodging
 - Level 2.6 Stealth
 * Level 4.5 Spellcasting
 * Level 2.2 Conjurations
 + Level 1.2 Summonings
 + Level 1.0 Translocations


You had one spell level left.
You knew the following spells:

 Your Spells              Type           Power        Failure   Level  Hunger
a - Magic Dart            Conj           ##..         4%          1    None
b - Blink                 Tloc           N/A          12%         2    #......
c - Call Imp              Summ           ##......     11%         2    #......
d - Conjure Flame         Conj/Fire      ##......     22%         3    ##.....
e - Mephitic Cloud        Conj/Pois/Air  #.......     26%         3    ##.....

Your spell library contained the following spells:

 Spells                   Type           Power        Failure   Level  Hunger
 Slow                     Hex            #.......     17%         2    #......


Dungeon Overview and Level Annotations

Branches:
Dungeon (3/15)

Altars:


Innate Abilities, Weirdness & Mutations

You cannot wear most types of armour.
You are very stealthy in the water. (Stealth+)
You are amphibious.
You can wear up to eight rings at the same time.
You can use your tentacles to constrict eight enemies at once.
Your skin changes colour to match your surroundings (Stealth+).
Your rubbery body absorbs attacks. (AC +1, EV +1)
Your body sometimes deteriorates upon taking damage.
You have an increased reservoir of magic. (+10% MP)


Message History

You hear a shout!
You climb upwards.
There is a stone staircase leading down here.
Okay, then.
Okay, then.
Okay, then.
Unknown command.
Casting: Magic Dart (safe; 4% risk of failure)
Confirm with . or Enter, or press ? or * to list all spells.
Aiming: Mephitic Cloud (safe; 26% risk of failure)
Press: ? - help, Shift-Dir - straight line, f - orc priest
Aim: an orc priest, wielding a -1 club and wearing a +0 ring mail (lightly wounded)
Okay, then.
Unknown command.
Unknown command.
It was a potion of mutation.
You feel extremely strange.
You feel yourself wasting away.
You feel more energetic.
The orc priest invokes the aid of Beogh against you.
Pain shoots through your body!
You die...

#.##.# ###....### #.##.##
##.......### #.##..###..###.....#
#.###.##..## ###.#.# #.# #.#..##
#.#.# #.# #...## #...####
###.###..##### ##.....#
##..........o.# #.###.#
####..#.##.....@.# #.###.###
##....##.##.......# #..##...##
...#####.##.......######.........
.....>....................#######
.##########..>....#######...# ##
#............####.###
#.......####(.....(.### #.......#
#####......# ######### ##.....#


You could see an orc priest.

Vanquished Creatures
  An orc wizard (D:3)
  2 adders (D:2)
  A worm (D:2)
  A dart slug (D:2)
  A leopard gecko (D:1)
  3 orcs (D:3)
  A giant cockroach (D:3)
  5 goblins
  4 hobgoblins
  4 kobolds
  A quokka (D:3)
  11 bats
  4 frilled lizards
  6 rats
45 creatures vanquished.

Vanquished Creatures (collateral kills)
  An adder (D:3)
  A gnoll (D:1)
  2 leopard geckos (D:1)
  A goblin (D:1)
5 creatures vanquished.

Grand Total: 50 creatures vanquished

Notes
Turn   | Place    | Note
-------+----------+-------------------------------------------
     0 | D:1      | Conn the Octopode Wizard began the quest for the Orb.
     0 | D:1      | Reached XP level 1. HP: 11/11 MP: 4/4
   204 | D:1      | Reached XP level 2. HP: 6/17 MP: 0/6
   421 | D:1      | Learned a level 2 spell: Blink
   424 | D:1      | Learned a level 2 spell: Call Imp
   705 | D:1      | Reached XP level 3. HP: 6/21 MP: 2/8
   953 | D:1      | Learned a level 3 spell: Conjure Flame
  1177 | D:2      | You fall into a shaft and drop 1 floor!
  1265 | D:3      | Reached skill level 4 in Spellcasting
  2375 | D:2      | Reached XP level 4. HP: 27/27 MP: 7/10
  2403 | D:2      | Learned a level 3 spell: Mephitic Cloud
  2886 | D:2      | Gained mutation: Your body sometimes deteriorates upon
                  | taking damage. [potion of mutation]
  2886 | D:2      | Gained mutation: You have an increased reservoir of magic.
                  | (+10% MP) [potion of mutation]
  2886 | D:2      | Killed from afar by an orc priest

Levels and vault maps discovered:
D:1:      erik_arrival_triangle_small, layout_basic, minmay_pentomino_u4
D:2:      layout_rooms, roderic_cross_of_infinity, kennysheep_small_spiral
D:3:      layout_basic, minivault_14

Skill      XL: |  1  2  3  4 |
---------------+-------------+-----
Spellcasting   | 4 |  4.5
Conjurations   | 2 |  2.2
Fighting       | |  0.4
Short Blades   | |  0.1
Dodging        | |  2.0
Stealth        | |  2.6
Summonings     | |  1.2
Translocations | |  1.0

Action                   |  1- 3 |  4- 6 || total
-------------------------+-------+-------++-------
Melee: Unarmed           |    28 |       ||    28
       Constrict         |    11 |     6 ||    17
       Tentacles         |     4 |     2 ||     6
       Dagger            |    17 |    16 ||    33
 Cast: Magic Dart        |    56 |    14 ||    70
       Call Imp          |     6 |       ||     6
       Mephitic Cloud    |       |     1 ||     1
  Use: Potion            |       |     1 ||     1
 Stab: Sleeping          |     5 |     1 ||     6
  Eat: Chunk             |     4 |     2 ||     6
Armor: Skin              |     9 |     1 ||    10
Dodge: Dodged            |    70 |    10 ||    80

Table legend:
 A = Non-vault XP
 B = Vault XP
 C = Vault XP percentage of total XP
 D = Non-vault monster count
 E = Vault monster count
 F = Vault count percentage of total count
                 A         B        C        D         E       F
            +---------+---------+-------+---------+---------+-------
      Total |     155 |       6 |   3.7 |      47 |       3 |   6.0
            +---------+---------+-------+---------+---------+-------
        D:1 |      35 |       6 |  14.6 |      18 |       3 |  14.3
        D:2 |      53 |       0 |   0.0 |      16 |       0 |   0.0
        D:3 |      67 |       0 |   0.0 |      13 |       0 |   0.0
            +---------+---------+-------+---------+---------+-------
